 Dungeon Crawl Stone Soup version 0.30-a0-737-gf23d94013f (webtiles) character file.

Game seed: 14103761144342397910

578 jimonade the Skirmisher (level 7, -5/40 HPs)
             Began as a Deep Elf Hunter on Feb 2, 2023.
             Was an Initiate of Ashenzari.
             Slain by a gnoll sergeant
             ... wielding a +0 trident
              (12 damage)
             ... on level 5 of the Dungeon.
             The game lasted 00:10:59 (3912 turns).

jimonade the Skirmisher (Deep Elf Hunter)           Turns: 3912, Time: 00:10:59

Health: -5/40      AC:  4    Str:  8    XL:     7   Next: 13%
Magic:  9/9        EV: 12    Int: 14    God:    Ashenzari [......]
Gold:   188        SH:  0    Dex: 20    Spells: 6/6 levels left

rFire   . . .      SeeInvis .    a - +1 shortbow
rCold   + . .      Faith    .    (shield currently unavailable)
rNeg    . . .      Spirit   .    c - +0 leather armour
rPois   .          Reflect  .    (no helmet)
rElec   .          Harm     .    (no cloak)
rCorr   .          Rampage  .    (no gloves)
Will    .....                    n - +0 pair of boots
Stlth   ++                       (no amulet)
HPRegen 0.26/turn                d - ring of protection from cold
MPRegen 0.11/turn                (no ring)

@: no status effects
A: no striking features
a: Renounce Religion


You were on level 5 of the Dungeon.
You worshipped Ashenzari.
Ashenzari was noncommittal.
You visited 2 branches of the dungeon, and saw 6 of its levels.

You collected 188 gold pieces.

Inventory:

Hand Weapons
 a - a +1 shortbow (weapon)
 b - a +1 dagger of venom
 r - a +0 dagger
Missiles
 u - 3 poisoned darts
Armour
 c - a +0 leather armour (worn)
 n - a +0 pair of boots (worn)
Magical Staves
 q - a staff of earth
Jewellery
 d - a ring of protection from cold (left hand)
 s - a ring of ice
Scrolls
 g - 2 scrolls of immolation
 h - 3 scrolls of identify
 k - 2 scrolls of amnesia
 t - 2 scrolls of teleportation
 w - a scroll of blinking
 x - a scroll of poison {unknown}
Potions
 e - 2 potions of curing
 f - 3 potions of heal wounds
 i - a potion of invisibility
 j - a potion of degeneration {unknown}
 l - a potion of berserk rage {unknown}
 m - a potion of magic {unknown}
 o - 3 potions of resistance {unknown}
 p - 2 potions of haste {unknown}
 v - a potion of mutation {unknown}


   Skills:
 + Level 2.5 Fighting
 * Level 10.4 Ranged Weapons
 + Level 1.2 Armour
 + Level 2.5 Dodging
 + Level 1.6 Stealth


You had 6 spell levels left.
You didn't know any spells.
Your spell library contained the following spells:

 Spells                   Type           Power      Damage    Failure   Level
 Summon Small Mammal      Summ           0%         N/A       38%         1
 Call Canine Familiar     Summ           0%         N/A       77%         3
 Summon Guardian Golem    Hex/Summ       0%         N/A       77%         3


Dungeon Overview and Level Annotations

Branches:
Dungeon (5/15)             Temple (1/1) D:4

Altars:
Ashenzari
Cheibriados
Dithmenos
Elyvilon
Gozag
Hepliaklqana
Makhleb
Nemelex Xobeh
Okawaru
Qazlal
Sif Muna
Uskayaw
Vehumet
Wu Jian
Xom
Yredelemnul
Zin
The Shining One

Shops:
D:1 =   D:2 :   D:3 (

Annotations:
D:4 exclusion: downstairs


Message History

Fire: a) +1 shortbow
Press: ? - help, Q - select action, (/) - cycle Shift-Dir - straight line, f/p - gnoll sergeant
Aim: a gnoll sergeant, wielding a +0 trident and wearing a +0 scale mail (almost dead, 75% to hit)
You shoot an arrow.
The arrow barely misses the gnoll sergeant.
The gnoll sergeant hits you from afar with a +0 trident.
* * * LOW HITPOINT WARNING * * *
Fire: a) +1 shortbow
Press: ? - help, Q - select action, (/) - cycle Shift-Dir - straight line, f/p - gnoll sergeant
Aim: a gnoll sergeant, wielding a +0 trident and wearing a +0 scale mail (almost dead, 75% to hit)
You shoot an arrow. The arrow hits the gnoll sergeant.
The gnoll sergeant is almost dead.
The gnoll sergeant closely misses you.
Fire: a) +1 shortbow
Press: ? - help, Q - select action, (/) - cycle Shift-Dir - straight line, f/p - gnoll sergeant
Aim: a gnoll sergeant, wielding a +0 trident and wearing a +0 scale mail (almost dead, 75% to hit)
You shoot an arrow.
The arrow hits the gnoll sergeant but does no damage.
The gnoll sergeant is almost dead.
The gnoll sergeant hits you from afar with a +0 trident!
* * * LOW HITPOINT WARNING * * *
Fire: a) +1 shortbow
Press: ? - help, Q - select action, (/) - cycle Shift-Dir - straight line, f/p - gnoll sergeant
Aim: a gnoll sergeant, wielding a +0 trident and wearing a +0 scale mail (almost dead, 75% to hit)
You shoot an arrow. The arrow hits the gnoll sergeant.
The gnoll sergeant is almost dead.
The gnoll sergeant barely misses you.
Fire: a) +1 shortbow
Press: ? - help, Q - select action, (/) - cycle Shift-Dir - straight line, f/p - gnoll sergeant
Aim: a gnoll sergeant, wielding a +0 trident and wearing a +0 scale mail (almost dead, 75% to hit)
You shoot an arrow.
The arrow closely misses the gnoll sergeant.
The gnoll sergeant closely misses you.
Fire: a) +1 shortbow
Press: ? - help, Q - select action, (/) - cycle Shift-Dir - straight line, f/p - gnoll sergeant
Aim: a gnoll sergeant, wielding a +0 trident and wearing a +0 scale mail (almost dead, 75% to hit)
You shoot an arrow.
The arrow barely misses the gnoll sergeant.
The gnoll sergeant hits you from afar with a +0 trident!
You die...

#..# ##.##
##..# #)#.#
##..# #)##
#g# ##†# #†@#
#)## #.# #.#
##.# ###.##
###...##
####...)..#
###..))###..#


You could see a gnoll sergeant.

Vanquished Creatures
  An ogre (D:3)
  A phantom (D:4)
  A scorpion (D:5)
  An orc priest (D:5)
  2 hounds (D:5)
  2 iguanas
  7 gnolls
  2 adders
  A worm (D:3)
  A dart slug (D:4)
  25 orcs
  11 endoplasms
  12 goblins
  13 hobgoblins
  2 jackals (D:1)
  3 kobolds
  4 quokkas
  7 ball pythons
  5 bats
  5 frilled lizards
  4 rats
110 creatures vanquished.

Notes
Turn   | Place    | Note
-------+----------+-------------------------------------------
     0 | D:1      | jimonade the Deep Elf Hunter began the quest for the Orb.
     0 | D:1      | Reached XP level 1. HP: 12/12 MP: 3/3
   118 | D:1      | Reached XP level 2. HP: 14/16 MP: 4/4
   123 | D:1      | Reached skill level 6 in Ranged Weapons
   347 | D:1      | Found Igad's Jewellery Emporium.
   559 | D:2      | Reached XP level 3. HP: 21/21 MP: 5/5
   601 | D:2      | Found a radiant altar of Vehumet.
   884 | D:2      | You fall into a shaft and drop 1 floor!
   897 | D:3      | Found an ornate altar of the Wu Jian Council.
   976 | D:3      | Reached skill level 7 in Ranged Weapons
  1028 | D:3      | Reached XP level 4. HP: 26/26 MP: 6/6
  1032 | D:3      | Found Keri's Antique Weapon Shoppe.
  1264 | D:3      | Noticed an ogre
  1270 | D:3      | Killed an ogre
  1271 | D:3      | Reached skill level 8 in Ranged Weapons
  1271 | D:3      | Reached XP level 5. HP: 30/30 MP: 7/7
  1727 | D:2      | Found Zianwomo's Vocational Training.
  2230 | D:4      | Found a shimmering blue altar of Sif Muna.
  2233 | D:4      | Found a radiant altar of Vehumet.
  2233 | D:4      | Noticed a phantom
  2256 | D:4      | Killed a phantom
  2257 | D:4      | Reached skill level 9 in Ranged Weapons
  2257 | D:4      | Reached XP level 6. HP: 26/35 MP: 8/8
  2724 | D:4      | Found a staircase to the Ecumenical Temple.
  2739 | Temple   | Entered the Ecumenical Temple
  2781 | Temple   | Became a worshipper of Ashenzari the Shackled
  3252 | D:5      | Entered Level 5 of the Dungeon
  3560 | D:5      | Reached skill level 10 in Ranged Weapons
  3560 | D:5      | Reached skill level 1 in Armour
  3728 | D:5      | Reached XP level 7. HP: 40/40 MP: 9/9
  3912 | D:5      | Slain by a gnoll sergeant

Illustrated notes

Levels and vault maps discovered:
D:1:      sevenhm_arrival_forest_fort_small_4, layout_rooms, serial_shops, shop,
          chequers_mini_garden
D:2:      layout_basic, basic_altar, hangedman_decor_lopped,
          nicolae_shop_vocational
D:3:      layout_loops_ring, nicolae_wu_jian_glorious_leap, serial_shops, shop,
          serial_park_tiny_2, minmay_distorted
D:4:      layout_cave_pools, nicolae_overflow_squiral,
          minmay_temple_entry_mini_moons
D:5:      layout_cave_pods
Temple:   hellmonk_temple_of_storms

Skill      XL: |  1  2  3  4  5  6 |
---------------+-------------------+-----
Ranged Weapons | 6 7 8 9 10 | 10.4
Fighting       | 2 |  2.5
Armour         | 1 |  1.2
Dodging        | |  2.5
Stealth        | |  1.6

Action                     |  1- 3 |  4- 6 |  7- 9 || total
---------------------------+-------+-------+-------++-------
   Fire: Shortbow          |   112 |   166 |    43 ||   321
    Use: Scroll            |       |     8 |       ||     8
 Armour: Leather armour    |       |     9 |       ||     9
  Dodge: Dodged            |    18 |    31 |     9 ||    58

Table legend: (Time is in decaauts)
 A = Elapsed time spent in this place.
 B = Non-inter-level travel time spent in this place.
 C = Inter-level travel time spent in this place.
 D = Time resting spent in this place.
 E = Time spent auto-exploring this place.
 F = Levels seen in this place.
 G = Mean time per level.
                   A        B        C        D        E       F      G
               +--------+--------+--------+--------+--------+-----+--------+
         Total |   3975 |   3373 |    602 |    334 |   2154 |   6 |  662.5 |
       Dungeon |   3916 |   3336 |    580 |    334 |   2132 |   5 |  783.2 |
        Temple |     58 |     36 |     22 |      0 |     22 |   1 |   58.0 |
               +--------+--------+--------+--------+--------+-----+--------+

Top non-repeatable levels by time:
     D:3: 1287 daAuts
     D:4: 803 daAuts
     D:5: 645 daAuts
     D:2: 594 daAuts
     D:1: 586 daAuts
  Temple: 58 daAuts
